 Dungeon Crawl Stone Soup version 0.19-a0-831-gce7da8b (webtiles) character file.

1337 Ijustatesigmund the Insei (level 8, -2/40 HPs)
             Began as a Vine Stalker Transmuter on June 30, 2016.
             Slain by a wraith (8 damage)
             ... on level 6 of the Dungeon.
             The game lasted 00:23:03 (5668 turns).

Ijustatesigmund the Insei (Vine Stalker Transmuter) Turns: 5668, Time: 00:23:04

Health: -2/40      AC:  9    Str: 17    XL:     8   Next: 61%
Magic:  0/12       EV: 12    Int: 16    God:
Gold:   170        SH:  0    Dex: 16    Spells: 3 memorised, 3 levels left

rFire  . . .     SeeInvis .       - Unarmed
rCold  . . .     Gourm    .     b - +1 robe
rNeg   . . .     Faith    .     (no shield)
rPois  .         Spirit   +     s - +2 helmet {Int+3}
rElec  .         Dismiss  .     (no cloak)
rCorr  .         Reflect  .     f - +1 pair of gloves
SustAt .         Harm     .     u - +0 pair of boots
MR     +....                    (no amulet)
Stlth  +++.......               (no ring)
                                i - +3 ring of strength

@: slowed, very slow, somewhat resistant to hostile enchantments, fairly
stealthy
A: fangs 3, blink, regeneration 2, magic shield, antimagic bite, no device heal
3, rot immunity
a: Blink


You were on level 6 of the Dungeon.
You were not hungry.

You visited 1 branch of the dungeon, and saw 6 of its levels.

You collected 332 gold pieces.
You spent 162 gold pieces at shops.

Inventory:

Missiles
 a - 64 arrows
 p - 5 tomahawks (quivered)
Armour
 b - a +1 robe (worn)
 f - a +1 pair of gloves (worn)
 s - a +2 helmet of intelligence (worn)
 u - a +0 pair of boots (worn)
Jewellery
 g - an uncursed ring of fire {unknown}
 i - a +3 ring of strength (left hand)
 k - a +2 amulet of reflection
 m - an uncursed amulet of regeneration
Wands
 x - a wand of flame (15/48)
Scrolls
 j - 5 scrolls of teleportation
 q - a scroll of recharging
 r - 2 scrolls of amnesia
 v - a scroll of remove curse
Potions
 e - a potion of heal wounds
 l - a potion of magic
 n - a potion of ambrosia
 t - a potion of brilliance
 z - a potion of cure mutation
Books
 c - a book of Changes

   Spells                             Type                      Level
   a - Beastly Appendage              Transmutation                1
   b - Sticks to Snakes               Transmutation                2
   c - Spider Form                    Transmutation/Poison         3
   d - Ice Form                       Ice/Transmutation            4
   e - Blade Hands                    Transmutation                5
 o - a book of Beasts

   Spells                             Type                      Level
   a - Summon Butterflies             Summoning                    1
   b - Call Canine Familiar           Summoning                    3
   c - Summon Ice Beast               Ice/Summoning                4
   d - Summon Mana Viper              Hexes/Summoning              5
   e - Summon Hydra                   Summoning                    7
Comestibles
 d - 6 bread rations
 h - 2 meat rations


   Skills:
 - Level 3.1 Fighting
 - Level 1.5 Dodging
 + Level 5.1 Stealth
 - Level 6.7 Unarmed Combat
 - Level 2.1 Spellcasting
 - Level 6.5 Transmutations


You had 3 spell levels left.
You knew the following spells:

 Your Spells              Type           Power        Failure   Level  Hunger
a - Beastly Appendage     Tmut           ###...       1%          1    #......
b - Blade Hands           Tmut           ###.......   38%         5    ######.
c - Sticks to Snakes      Tmut           ###.....     1%          2    ###....


Dungeon Overview and Level Annotations

Branches:
Dungeon (6/15)
 Temple: D:4-7

Altars:
Fedhas

Shops:
D:4 [   D:5 (


Innate Abilities, Weirdness & Mutations

You have razor-sharp teeth.
You heal very quickly.
When hurt, damage is shared between your health and your magic reserves.
Your bite disrupts and absorbs the magic of your enemies.
Potions and wands cannot restore your health.
You are immune to rotting.
You can translocate small distances at will.


Message History

You closely miss the wraith.
The wraith is almost destroyed.
The wraith hits you.
* * * LOW HITPOINT WARNING * * *
The wraith drains your vigour!
You feel as though you will be slow longer.
The wraith barely misses you.
You hit the wraith. Your bite misses the wraith.
The wraith is almost destroyed.
The wraith hits you but does no damage.
You barely miss the wraith. Your bite misses the wraith.
The wraith is almost destroyed.
The wraith hits you!
* * * LOW HITPOINT WARNING * * *
The wraith drains your vigour!
You feel as though you will be slow longer.
You hit the wraith but do no damage. You bite the wraith, but do no damage.
The wraith is almost destroyed.
The wraith hits you!
You die...

#.. #.#######.
.. #.........
##### ##........
..... #.#######
##### #.# #.#
#.# #.# #@#
##W## #.o.#
##.## #.# #.#
##.## ## #...#
..
#...!...........


You could see a wraith and an orc.

Vanquished Creatures
  A sky beast (D:6)
  2 ogres
  A centaur (D:5)
  2 giant frogs (D:6)
  4 killer bees (D:6)
  2 howler monkeys (D:4)
  A crimson imp (D:5)
  A centaur zombie (D:6)
  A hound (D:6)
  2 orc priests (D:5)
  2 iguanas (D:4)
  2 worker ants (D:4)
  A killer bee zombie (D:5)
  A hound skeleton (D:5)
  A howler monkey skeleton (D:5)
  8 adders
  A shadow imp (D:5)
  2 oozes
  An adder skeleton (D:5)
  An adder zombie (D:5)
  3 worms
  2 dart slugs (D:1)
  3 giant geckos
  13 orcs
  5 giant cockroaches
  5 goblins
  4 hobgoblins
  13 jackals
  2 kobolds (D:3)
  2 ball pythons
  9 bats
  A giant gecko skeleton (D:5)
  7 giant newts
  5 rats
111 creatures vanquished.

Vanquished Creatures (collateral kills)
  An orc warrior (D:6)
  A centaur zombie (D:5)
  An orc priest (D:6)
  An adder (D:5)
  An orc (D:6)
  2 jackals
7 creatures vanquished.

Grand Total: 118 creatures vanquished

Notes
Turn   | Place    | Note
--------------------------------------------------------------
     0 | D:1      | Ijustatesigmund the Vine Stalker Transmuter began the quest for the Orb.
     0 | D:1      | Reached XP level 1. HP: 9/9 MP: 4/4
   211 | D:1      | Reached XP level 2. HP: 14/14 MP: 3/6
   622 | D:1      | Reached XP level 3. HP: 15/17 MP: 7/7
   793 | D:2      | Reached skill level 1 in Fighting
   958 | D:2      | Reached XP level 4. HP: 20/22 MP: 6/8
  1609 | D:3      | Gained mutation: You can translocate small distances at will. [potion of beneficial mutation]
  1794 | D:3      | Reached XP level 5. HP: 17/26 MP: 9/9
  1801 | D:3      | Learned a level 5 spell: Blade Hands
  2020 | D:4      | Found Dagawku's Antique Armour Shop.
  2025 | D:4      | Bought a shiny helmet for 81 gold pieces
  2311 | D:4      | Bought a pair of boots for 81 gold pieces
  2350 | D:4      | Noticed an ogre
  3029 | D:4      | Gained mutation: You heal very quickly. [Vine Stalker growth]
  3029 | D:4      | Reached XP level 6. HP: 22/32 MP: 8/10
  3589 | D:5      | Entered Level 5 of the Dungeon
  3597 | D:4      | Reached skill level 5 in Unarmed Combat
  3635 | D:5      | Reached XP level 7. HP: 35/36 MP: 11/11
  3677 | D:5      | Reached skill level 5 in Transmutations
  3832 | D:5      | Learned a level 2 spell: Sticks to Snakes
  4203 | D:5      | Found Zanewor Emio's Weapon Shop.
  5163 | D:6      | Gained mutation: You have razor-sharp teeth. [Vine Stalker growth]
  5163 | D:6      | Reached XP level 8. HP: 36/40 MP: 12/12
  5186 | D:6      | Found a blossoming altar of Fedhas.
  5344 | D:6      | Reached skill level 1 in Stealth
  5414 | D:6      | Reached skill level 5 in Stealth
  5418 | D:6      | HP: 2/40 [poisoned by a killer bee]
  5644 | D:6      | Noticed a wraith
  5668 | D:6      | Slain by a wraith

Vault maps used:
D:1:      lightli_arrival_noodles, kennysheep_boxes
D:3:      first_bread
D:4:      serial_shops, kennysheep_little_box, minmay_misc_feat_more_columns
D:5:      serial_shops, nicolae_shop_statue_plus
D:6:      kennysheep_nondescript, fedhas_altar_1

Skill      XL: |  1  2  3  4  5  6  7  8 |
---------------+-------------------------+-----
Fighting       | 1 2 3 |  3.1
Transmutations | 3 4 6 |  6.5
Unarmed Combat | 4 5 6 |  6.7
Stealth        | 5 |  5.1
Dodging        | |  1.5
Spellcasting   | |  2.1

Action                   |  1- 3 |  4- 6 |  7- 9 || total
-------------------------+-------+-------+-------++-------
Melee: Unarmed           |    90 |   221 |   218 ||   529
       Bite              |    23 |    63 |    64 ||   150
       Punch             |     1 |     4 |     7 ||    12
       Kick              |     1 |    10 |       ||    11
       Headbutt          |       |     2 |       ||     2
Throw: Tomahawk          |       |     5 |     2 ||     7
 Cast: Beastly Appendage |     4 |    16 |       ||    20
       Sticks to Snakes  |       |       |    18 ||    18
  Use: Scroll            |     1 |    13 |     7 ||    21
       Potion            |       |     1 |     1 ||     2
 Stab: Distracted        |       |       |     1 ||     1
  Eat: Chunk             |       |     8 |     1 ||     9
       Fruit             |       |     1 |     2 ||     3
       Bread ration      |       |       |     1 ||     1
       Beef jerky        |       |       |     1 ||     1
Armor: Robe              |     2 |    51 |    73 ||   126
       Ring mail         |    46 |     9 |       ||    55
Dodge: Dodged            |    50 |   158 |   125 ||   333
Block: Other             |       |     5 |     1 ||     6
